 Dungeon Crawl Stone Soup version 0.24-a0-228-g05560da (webtiles) character file.

Game seed: 1295164640442405044

25 Goblin1989 the Caller (level 2, -1/19 HPs)
             Began as a Demonspawn Summoner on Mar 29, 2019.
             Slain by an adder (2 damage)
             ... on level 2 of the Dungeon on Apr 1, 2019.
             The game lasted 00:06:37 (1759 turns).

Goblin1989 the Caller (Demonspawn Summoner)         Turns: 1759, Time: 00:06:38

Health: -1/19      AC:  4    Str:  8    XL:     2   Next: 86%
Magic:  1/5        EV: 12    Int: 16    God:
Gold:   28         SH:  0    Dex: 13    Spells: 3/6 levels left

rFire    . . .     SeeInvis .   r - -1 quarterstaff (curse)
rCold    . . .     Gourm    .   (shield currently unavailable)
rNeg     . . .     Faith    .   a - +0 robe
rPois    .         Spirit   .   (no helmet)
rElec    .         Reflect  .   (no cloak)
rCorr    .         Harm     .   (no gloves)
MR       .....                  (no boots)
Stlth    ++........             (no amulet)
HPRegen  0.06/turn              (no ring)
MPRegen  0.09/turn              (no ring)

@: no status effects
A: iridescent scales 1
a: no special abilities


You were on level 2 of the Dungeon.
You were not hungry.

You visited 1 branch of the dungeon, and saw 2 of its levels.

You collected 28 gold pieces.

Inventory:

Hand Weapons
 m - a +0 short sword
 r - a cursed -1 quarterstaff (weapon)
Missiles
 j - 104 stones (quivered) {@Q3}
 k - 51 bolts
 o - 14 sling bullets
Armour
 a - a +0 robe (worn)
Scrolls
 g - a scroll of magic mapping {unknown}
 q - a scroll of remove curse {unknown}
Potions
 n - a potion of magic
Comestibles
 e - 2 rations
 p - 3 chunks of flesh


   Skills:
 - Level 1.7 Dodging
 - Level 1.7 Stealth
 + Level 2.5 Spellcasting
 + Level 4.5 Summonings


You had 3 spell levels left.
You knew the following spells:

 Your Spells              Type           Power        Failure   Level  Hunger
a - Summon Small Mammal   Summ           ###.         3%          1    #......
b - Call Imp              Summ           ###.....     4%          2    ##.....

Your spell library contained the following spells:

 Spells                   Type           Power        Failure   Level  Hunger
 Call Canine Familiar     Summ           ###.....     9%          3    ###....
 Summon Guardian Golem    Hex/Summ       #.......     22%         3    ###....
 Summon Ice Beast         Ice/Summ       #.......     58%         4    #####..
 Summon Lightning Spire   Summ/Air       #.......     58%         4    #####..


Dungeon Overview and Level Annotations

Branches:
Dungeon (2/15)

Altars:


Innate Abilities, Weirdness & Mutations

You are partially covered in iridescent scales. (AC +2)


Message History

* * * LOW HITPOINT WARNING * * *
You take 4 damage, and have 5/19 hp.
MASSIVE DAMAGE!!
The adder bites you.
* * * LOW HITPOINT WARNING * * *
Your crimson imp closely misses the adder.
Your crimson imp blinks!
You take 2 damage, and have 3/19 hp.
The adder bites you.
* * * LOW HITPOINT WARNING * * *
You are lethally poisoned!
The adder poisons you! The hobgoblin misses you.
You take 1 damage, and have 2/19 hp.
Unknown command.
* * * LOW HITPOINT WARNING * * *
You feel sick.
Your crimson imp hits the hobgoblin.
You take 1 damage, and have 1/19 hp.
Unknown command.
It was a potion of magic.
Magic courses through your body.
The hobgoblin closely misses your crimson imp.
The adder bites you but does no damage.
Your crimson imp blinks! x2
MP restored: 5 Unknown command.
Unknown command.
Unknown command.
It was a potion of curing.
You feel better. The adder barely misses you. The adder bites you.
You are poisoned.
The adder poisons you!
You regained 9 hp, and now have 10/19 hp.
Unknown command.
Casting: Call Imp (safe; 4% risk of failure)
Confirm with . or Enter, or press ? or * to list all spells.
A beastly little devil appears in a puff of flame.
You feel sick.
Your crimson imp disappears in a puff of smoke!
The adder bites you but does no damage.
You take 1 damage, and have 9/19 hp.
You now have 3/5 mp.
Casting: Call Imp (safe; 4% risk of failure)
Confirm with . or Enter, or press ? or * to list all spells.
A beastly little devil appears in a puff of flame.
Your crimson imp says, "I yield to your service, my magnificent and god-like master!"
The adder bites you.
* * * LOW HITPOINT WARNING * * *
Your crimson imp misses the adder.
You take 1 damage, and have 8/19 hp.
You now have 1/5 mp.
Casting: Call Imp (safe; 4% risk of failure)
Confirm with . or Enter, or press ? or * to list all spells.
The adder barely misses you.
The hobgoblin hits your crimson imp but does no damage.
The adder bites you but does no damage.
Your crimson imp hits the hobgoblin but does no damage.
Your crimson imp closely misses the adder. x2
You now have 0/5 mp.
You swap places.
You feel sick.
The hobgoblin hits your crimson imp with a +0 club.
The adder bites your crimson imp.
Your crimson imp blinks!
Your crimson imp hits the hobgoblin.
The hobgoblin dies!
Your crimson imp barely misses the adder.
You take 1 damage, and have 7/19 hp.
Your crimson imp disappears in a puff of smoke!
Your quokka misses the adder.
Your crimson imp blinks!
Your crimson imp closely misses the adder.
The adder bites your quokka.
Your quokka barely misses the adder.
The adder barely misses your quokka.
Your crimson imp blinks!
Your quokka misses the adder. The adder misses your quokka.
Your crimson imp blinks!
You feel sick.
Your quokka closely misses the adder.
The adder closely misses your quokka.
Your crimson imp closely misses the adder.
Your quokka closely misses the adder.
You take 1 damage, and have 6/19 hp.
The adder barely misses your quokka.
Your quokka misses the adder.
Your crimson imp blinks!
You see here a frilled lizard skeleton.
Your quokka closely misses the adder.
Your quokka misses the adder.
You feel sick.
Your crimson imp blinks! x2
You take 1 damage, and have 5/19 hp.
Your crimson imp closely misses the adder.
There is an open door here.
You barely miss the adder.
The adder is severely wounded.
Your crimson imp hits the adder but does no damage.
The adder bites you but does no damage.
Your crimson imp barely misses the adder.
Unknown command.
You closely miss the adder.
The adder is severely wounded.
You feel sick.
You are no longer poisoned.
The adder bites you.
* * * LOW HITPOINT WARNING * * *
Your quokka closely misses the adder.
The adder bites you.
You die...

█.█......>█
.█████....).████
............█
███████.5...█
█.....█ █÷....█
█.r...█ █.S5..█


██@████ █.█ █.█ █)█ █÷█ █.█ █.█ █.█ █.█ You could see an adder, 2 friendly
crimson imps and a friendly quokka.

Vanquished Creatures
  A bat (D:1)
1 creature vanquished.

Vanquished Creatures (collateral kills)
  An ooze (D:1)
  A dart slug (D:1)
  2 leopard geckos (D:1)
  8 bats (D:1)
  3 goblins
  3 hobgoblins
  3 kobolds (D:1)
  A ball python (D:1)
  2 frilled lizards
  6 rats
30 creatures vanquished.

Grand Total: 31 creatures vanquished

Notes
Turn   | Place    | Note
-------+----------+-------------------------------------------
     0 | D:1      | Goblin1989 the Demonspawn Summoner began the quest for the
                  | Orb.
     0 | D:1      | Reached XP level 1. HP: 13/13 MP: 3/3
     0 | D:1      | Upgraded the game from 0.24-a0-217-g1152973 to
                  | 0.24-a0-228-g05560da
   449 | D:1      | Gained mutation: You are partially covered in iridescent
                  | scales. (AC +2) [demonic ancestry]
   449 | D:1      | Reached XP level 2. HP: 19/19 MP: 0/5
   453 | D:1      | Learned a level 2 spell: Call Imp
  1759 | D:2      | Slain by an adder

Levels and vault maps discovered:
D:1:      sevenhm_arrival_forest_fort_large_1, layout_basic
D:2:      layout_basic, nicolae_ru_the_path_less_chosen

Action                   || total
-------------------------++-------
Melee: Unarmed           ||    11
       Quarterstaff      ||     7
 Cast: Summon Small Mamm ||    64
       Call Imp          ||     9
  Use: Potion            ||     2
  Eat: Chunk             ||     4
Armor: Robe              ||    23
Dodge: Dodged            ||    42

Table legend:
 A = Non-vault XP
 B = Vault XP
 C = Vault XP percentage of total XP
 D = Non-vault monster count
 E = Vault monster count
 F = Vault count percentage of total count
                 A         B        C        D         E       F
            +---------+---------+-------+---------+---------+-------
      Total |      34 |       3 |   8.1 |      28 |       3 |   9.7
            +---------+---------+-------+---------+---------+-------
        D:1 |      29 |       3 |   9.4 |      23 |       3 |  11.5
        D:2 |       5 |       0 |   0.0 |       5 |       0 |   0.0
            +---------+---------+-------+---------+---------+-------

Levels and vault maps discovered:
D:1:      sevenhm_arrival_forest_fort_large_1, layout_basic
D:2:      layout_basic, nicolae_ru_the_path_less_chosen
